 Dungeon Crawl Stone Soup version 0.26-a0-1213-gd52f5182fe (webtiles) character file.

Game seed: 10544543142393900546

4569 Dirian the Cleaver (level 10, -7/90 HPs)
             Began as a Minotaur Monk on Dec 30, 2020.
             Was a High Priest of Zin.
             Mangled by a slime creature (13 damage)
             ... on level 8 of the Dungeon.
             The game lasted 00:17:17 (9972 turns).

Dirian the Cleaver (Minotaur Monk)                  Turns: 9972, Time: 00:17:17

Health: -7/90      AC: 16    Str: 20    XL:     10   Next: 18%
Magic:  11/11      EV: 24    Int: 10    God:    Zin [*****.]
Gold:   567        SH:  0    Dex: 14    Spells: 9/9 levels left

rFire    . . .     SeeInvis .   k - +3 battleaxe
rCold    + . .     Faith    .   (shield currently unavailable)
rNeg     + . .     Spirit   .   s - +1 chain mail {rC+}
rPois    ∞         Reflect  .   (helmet restricted)
rElec    .         Harm     .   j - scarf {repulsion}
rCorr    .         Rampage  .   (no gloves)
Will     .....                  l - +2 pair of boots
Stlth    ..........             f - amulet of the acrobat
HPRegen  0.25/turn              u - ring of positive energy
MPRegen  0.12/turn              (no ring)

@: vitalised, acrobat, repel missiles
A: retaliatory headbutt, horns 2, thin metallic scales 1, clever 1
a: Renounce Religion, Recite, Vitalisation, Imprison, Sanctuary, Donate Gold


You were on level 8 of the Dungeon.
You worshipped Zin.
Zin was extremely pleased with you.
You visited 1 branch of the dungeon, and saw 8 of its levels.
You also visited: Sewer.

You collected 630 gold pieces.
You donated 63 gold pieces to Zin.

Inventory:

Hand Weapons
 d - a +0 hunting sling of flaming
 k - a +3 battleaxe (weapon)
Missiles
 i - 340 stones (quivered)
 p - 38 sling bullets
Armour
 j - a scarf of repulsion (worn)
 l - a +2 pair of boots (worn)
 s - a +1 chain mail of cold resistance (worn)
 B - a +1 cloak
Jewellery
 f - an amulet of the acrobat (around neck)
 r - an uncursed amulet of guardian spirit
 u - a ring of positive energy (left hand)
Wands
 a - a wand of acid (12)
 e - a wand of iceblast (19)
 g - a wand of flame (10)
 v - a wand of digging (4)
Scrolls
 b - a scroll of fear
 n - 3 scrolls of enchant weapon
 t - 5 scrolls of teleportation
 x - a scroll of remove curse
 y - a scroll of magic mapping
 z - a scroll of blinking
Potions
 c - a potion of invisibility {unknown}
 h - 2 potions of haste
 m - a potion of magic
 o - 5 potions of flight
 q - 2 potions of curing
 w - 4 potions of heal wounds
 A - 2 potions of lignification {unknown}


   Skills:
 + Level 8.6 Fighting
 + Level 12.1 Axes
 * Level 3.9 Slings
 * Level 7.1 Armour
 - Level 3.2 Dodging
 - Level 1.5 Stealth
 - Level 5.0 Shields
 * Level 3.2 Invocations


You had 9 spell levels left.
You didn't know any spells.
Your spell library contained the following spells:

 Spells                   Type           Power        Failure   Level
 Beastly Appendage        Tmut           0%           97%         1
 Foxfire                  Conj/Fire      0%           97%         1
 Magic Dart               Conj           0%           97%         1
 Shock                    Conj/Air       0%           97%         1
 Wereblood                Tmut           0%           99%         2
 Confusing Touch          Hex            0%           100%        3
 Conjure Flame            Conj/Fire      0%           100%        3
 Gell's Gravitas          Tloc           0%           100%        3
 Spider Form              Tmut/Pois      0%           100%        3
 Cause Fear               Hex            0%           100%        4
 Ice Form                 Ice/Tmut       0%           100%        4
 Petrify                  Tmut/Erth      0%           100%        4
 Blade Hands              Tmut           0%           100%        5
 Metabolic Englaciation   Hex/Ice        0%           100%        5
 Yara's Violent Unravell  Hex/Tmut       0%           100%        5
 Freezing Cloud           Conj/Ice/Air   0%           100%        6
 Dragon Form              Tmut           0%           100%        7
 Dragon's Call            Summ           0%           100%        9
 Shatter                  Erth           0%           100%        9


Dungeon Overview and Level Annotations

Branches:
Dungeon (8/15)             Temple (0/1) D:6           Sewer (visited)
   Lair: D:8-11

Altars:
Ashenzari
Elyvilon
Zin
Jiyva

Annotations:
D:8 skk's ghost, novice DDFi


Innate Abilities, Weirdness & Mutations

You reflexively headbutt those who attack you in melee.
You have a pair of horns on your head.
You are partially covered in thin metallic scales. (AC +2)
Your mind is acute. (Int +2)


Message History

Skk's ghost is lost in a daze.
You closely miss skk's ghost.
Skk's ghost is heavily damaged.
Skk's ghost hits you.
You are electrocuted!
* * * LOW HITPOINT WARNING * * *
You hit skk's ghost but do no damage.
Skk's ghost is heavily damaged.
Skk's ghost hits you but does no damage.
You are electrocuted!
* * * LOW HITPOINT WARNING * * *
Skk's ghost is lost in a daze.
Skk's ghost is lost in a daze.
There is an open door here.
You close the door.
Skk's ghost opens the door.
Skk's ghost is lost in a daze.
The slime creature quivers.
You hear a distant slurping noise.
The slime creature hits you but does no damage.
The slime creature hits you!
You die...

#......'.W........#.#.....#.#.#.
##....J####.#######.#.#####.....
#....W# #>....J...#.#######..)
#.....############.#...........
###.....##......[###.###########.
.........'.......'..W..J....##...
##########.......##########.##.#.
#####..J# #.##.#.
##########...##J@# #W##.#.
.......##.....#..# #####J##.#.
.......#......'..# #...#.##.#.
.......#_.....'.W# #...#.##.#.
.......#.)....'.## #...#.##.##
.......##.....#.# #...#.##...
........##...##.#######...#.#####
.........#####..'.....'...'.#
########....#...#######...###


You could see 2 slime creatures and skk's ghost (dazed).

Vanquished Creatures
  The ghost of emiel the Ruffian, a novice DrWn (D:6)
  Maurice (D:8)
  Maggie (D:7)
  2 orc warriors
  A sky beast (D:8)
  2 ice beasts
  3 ogres
  2 phantoms (D:6)
  6 centaurs (D:7)
  7 bullfrogs
  3 scorpions
  4 wights (D:6)
  A howler monkey (D:5)
  9 orc priests
  3 hounds
  5 jellies
  4 orc wizards
  Jessica (D:2)
  Terence (D:2)
  4 iguanas
  Natasha (thrice) (D:2)
  6 worker ants
  2 killer bee zombies
  2 hound skeletons
  3 gnolls (D:6)
  13 adders
  3 shadow imps
  A white imp (D:6)
  An ufetubus (D:6)
  3 oozes
  4 worms
  4 dart slugs
  5 leopard geckos
  21 orcs
  2 ball pythons
  8 giant cockroaches
  4 hobgoblins
  6 jackals
  4 kobolds
  3 quokkas
  5 bats
  11 frilled lizards
  4 goblins
  A leopard gecko skeleton (D:7)
  A quokka zombie (D:5)
  5 rats
186 creatures vanquished.

Notes
Turn   | Place    | Note
-------+----------+-------------------------------------------
     0 | D:1      | Dirian the Minotaur Monk began the quest for the Orb.
     0 | D:1      | Reached XP level 1. HP: 19/19 MP: 0/0
   301 | D:1      | Reached skill level 4 in Axes
   302 | D:1      | Reached XP level 2. HP: 25/27 MP: 1/1
  1054 | D:2      | Noticed Natasha
  1062 | D:2      | Killed Natasha
  1063 | D:2      | Reached XP level 3. HP: 27/34 MP: 2/2
  1193 | D:2      | Noticed Terence
  1195 | D:2      | Noticed Jessica
  1211 | D:2      | Noticed Natasha
  1216 | D:2      | Gained mutation: You are partially covered in thin metallic
                  | scales. (AC +2) [potion of mutation]
  1216 | D:2      | Gained mutation: Your mind is acute. (Int +2) [potion of
                  | mutation]
  1222 | D:2      | Killed Terence
  1223 | D:2      | Reached skill level 5 in Axes
  1223 | D:2      | Reached XP level 4. HP: 41/41 MP: 3/3
  1227 | D:2      | Killed Natasha
  1228 | D:2      | Reached skill level 5 in Fighting
  1231 | D:2      | Killed Jessica
  1410 | D:2      | Noticed Natasha
  1422 | D:2      | Killed Natasha
  1423 | D:2      | Reached XP level 5. HP: 40/48 MP: 4/4
  1897 | D:3      | Noticed an ice beast
  1910 | D:3      | Killed an ice beast
  1911 | D:3      | Reached skill level 6 in Axes
  1911 | D:3      | Reached skill level 1 in Shields
  2187 | D:3      | Reached XP level 6. HP: 49/57 MP: 5/5
  2703 | D:4      | Reached skill level 1 in Slings
  2711 | D:4      | Reached skill level 1 in Armour
  3143 | D:4      | Found a glowing silver altar of Zin.
  3143 | D:4      | Noticed an angel
  3389 | D:4      | Reached skill level 7 in Axes
  3389 | D:4      | Reached XP level 7. HP: 54/63 MP: 6/6
  3748 | D:4      | Became a worshipper of Zin the Law-Giver
  3748 | D:4      | Reached * piety under Zin
  3748 | D:4      | Reached ** piety under Zin
  3748 | D:4      | Reached *** piety under Zin
  3833 | D:5      | Entered Level 5 of the Dungeon
  4066 | D:5      | Reached **** piety under Zin
  4724 | D:5      | Found a white marble altar of Elyvilon.
  4956 | D:5      | Identified a scroll of acquirement
  4956 | D:5      | Acquired a scarf of repulsion
  5123 | D:6      | Reached skill level 8 in Axes
  5123 | D:6      | Reached XP level 8. HP: 71/71 MP: 7/7
  5154 | D:6      | Reached skill level 5 in Shields
  5285 | D:6      | Found a glowing drain.
  5294 | Sewer    | Entered a sewer
  5372 | Sewer    | Reached skill level 9 in Axes
  5540 | Sewer    | Identified Sif Muna's Volume of Dusty Combat Magic
  5834 | D:6      | Found a large runed translucent door.
  5834 | D:6      | Found a large runed translucent door.
  5843 | D:6      | Noticed emiel's ghost (novice DrWn)
  5922 | D:6      | Reached skill level 10 in Axes
  5930 | D:6      | Reached skill level 5 in Armour
  6047 | D:6      | Found a staircase to the Ecumenical Temple.
  6230 | D:6      | Reached XP level 9. HP: 61/79 MP: 8/8
  6665 | D:6      | Killed emiel's ghost
  6666 | D:6      | Reached skill level 1 in Invocations
  6862 | D:7      | Found a broken altar of Ashenzari.
  6986 | D:7      | Reached skill level 11 in Axes
  7269 | D:7      | Reached ***** piety under Zin
  7788 | D:7      | Noticed Maggie
  7808 | D:7      | Killed Maggie
  8882 | D:8      | Found a runed translucent gate.
  8882 | D:8      | Found a runed translucent gate.
  8882 | D:8      | Found a runed translucent gate.
  8882 | D:8      | Noticed skk's ghost (novice DDFi)
  8884 | D:8      | Found a viscous altar of Jiyva.
  8912 | D:8      | Reached XP level 10. HP: 86/90 MP: 11/11
  8989 | D:8      | Noticed Maurice
  9008 | D:8      | Killed Maurice
  9009 | D:8      | Reached skill level 12 in Axes
  9959 | D:8      | HP: 3/90 [skk's ghost (17)]
  9972 | D:8      | Mangled by a slime creature

Illustrated notes

Levels and vault maps discovered:
D:1:      wander_arrival_fairy_ring, layout_loops_ring
D:2:      layout_loops_ring, serial_forest, infiniplex_forest_clump_C,
          infiniplex_forest_lined_4_way, infiniplex_forest_zigzag_1,
          infiniplex_forest_zigzag_1, infiniplex_forest_straight_4,
          uniq_natasha, uniq_terence, uniq_jessica
D:3:      layout_loops_ring
D:4:      layout_basic, zin_angel
D:5:      layout_cave_pools, serial_glass, glass_columns_a, glass_columns_a,
          feat_on_display, due_unseen_surprise, minmay_strange_pillars,
          item_on_display_a, basic_altar, minmay_misc_feat_rugged
D:6:      layout_loops_ring, temple_hall, gup_sewer_entry_glass,
          ebering_ghost_disaster_area
D:7:      layout_basic, lemuel_centaur_altar, uniq_maggie
D:8:      layout_basic, gammafunk_ghost_ooze, uniq_maurice

Skill      XL: |  1  2  3  4  5  6  7  8  9 10 |
---------------+-------------------------------+-----
Fighting       | 4 5 6 7 8 |  8.6
Axes           | 4 5 6 7 8 10 11 12 | 12.1
Shields        | 1 3 4 5 |  5.0
Slings         | 1 3 |  3.9
Armour         | 1 3 5 6 7 |  7.1
Invocations    | 2 3 |  3.2
Dodging        | |  3.2
Stealth        | |  1.5

Action                   |  1- 3 |  4- 6 |  7- 9 | 10-12 || total
-------------------------+-------+-------+-------+-------++-------
Melee: Hand axe          |    53 |   118 |    43 |       ||   214
       Headbutt          |    12 |    25 |    69 |    10 ||   116
       War axe           |       |       |   198 |       ||   198
       Battleaxe         |       |       |   121 |    41 ||   162
 Fire: Hunting sling     |       |     4 |       |       ||     4
Invok: Recite            |       |       |     2 |     3 ||     5
       Vitalisation      |       |       |     1 |     3 ||     4
  Use: Potion            |     2 |       |       |       ||     2
       Scroll            |       |     6 |    13 |       ||    19
 Stab: Sleeping          |       |     3 |       |       ||     3
       Distracted        |       |     1 |       |       ||     1
       Confused          |       |       |     1 |       ||     1
Armor: Robe              |     7 |    21 |       |       ||    28
       Leather armour    |       |     4 |    68 |       ||    72
       Chain mail        |       |       |    25 |    19 ||    44
Dodge: Dodged            |    29 |    44 |   198 |    20 ||   291
       Repelled          |       |       |     1 |       ||     1
Block: Kite shield       |     6 |    40 |   113 |       ||   159

Table legend: (Time is in decaauts)
 A = Elapsed time spent in this place.
 B = Non-inter-level travel time spent in this place.
 C = Inter-level travel time spent in this place.
 D = Time resting spent in this place.
 E = Time spent auto-exploring this place.
 F = Levels seen in this place.
 G = Mean time per level.
                   A        B        C        D        E       F      G
               +--------+--------+--------+--------+--------+-----+--------+
         Total |  10143 |   9563 |    580 |    336 |   7459 |   9 | 1127.0 |
       Dungeon |   9643 |   9063 |    580 |    336 |   7156 |   8 | 1205.4 |
         Sewer |    499 |    499 |      0 |      0 |    302 |   1 |  499.0 |
               +--------+--------+--------+--------+--------+-----+--------+

Top non-repeatable levels by time:
     D:7: 1875 daAuts
     D:6: 1405 daAuts
     D:8: 1291 daAuts
     D:4: 1213 daAuts
     D:5: 1199 daAuts
     D:3: 997 daAuts
     D:2: 892 daAuts
     D:1: 766 daAuts
   Sewer: 499 daAuts
